AoeStats
← SlowBoy

Arabia

508466902Analyzed
1v1 RM · 9d ago on Sep 22, 2026· 24m 17s· 2 players
Game mode
Random Map
Map size
Tiny (2 player)
Population
200
Speed
Normal
Resources
Standard
Victory
Conquest
Starting age
Dark Age
Ending age
Imperial Age
RankedLock teamsTeams togetherTeam positionsShared explorationLock speedFull tech treeHidden civsTurbo modeCheats
Victory
Defeat
🇧🇷 Khmer · Brazil
1736
+12
🇦🇷 Saxons · Argentina
1642
-12
Flauta
6:52 Loom
9:24 Feudal Age
9:25 Man-at-Arms
9:54 Double-Bit Axe
9:51 Horse Collar
11:00 Horse Collar
16:22 Wheelbarrow
19:42 Castle Age
20:33 Town Watch
20:47 Fletching
21:11 Bow Saw
21:54 Scale Mail Armor
22:29 Forging
22:13 Gold Mining
24:02 Gold Shaft Mining
SlowBoy
6:45 Loom
9:07 Feudal Age
9:47 Double-Bit Axe
9:59 Horse Collar
18:43 Castle Age
16:43 Gold Mining
18:08 Bloodlines
19:08 Scale Barding Armor
19:26 Husbandry
19:37 Bow Saw
22:34 Forging
23:58 Wheelbarrow
Connection lost

Rejoining the realm…

Still unreachable

The connection could not be restored.

Session expired

The server has moved on; the page needs a fresh start.